AoeStats
← ricox5

Arabia

506970934Analyzed
1v1 RM · 17d ago on Sep 16, 2026· 46m 35s· 2 players
Game mode
Random Map
Map size
Tiny (2 player)
Population
200
Speed
Normal
Resources
Standard
Victory
Conquest
Starting age
Dark Age
Ending age
Imperial Age
RankedLock teamsTeams togetherTeam positionsShared explorationLock speedFull tech treeHidden civsTurbo modeCheats
Victory
Defeat
🇵🇪 Sicilians · Peru
628
+18
🇲🇽 Chinese · Mexico
675
-18
ricox5
0:52 Loom
10:33 Feudal Age
11:16 Double-Bit Axe
13:22 Wheelbarrow
15:25 Horse Collar
21:21 Bloodlines
34:05 Castle Age
42:37 Stone Mining
Lord Kashiri
2:32 Loom
8:36 Loom
11:10 Feudal Age
21:07 Castle Age
20:17 Double-Bit Axe
20:21 Horse Collar
22:01 Fletching
23:42 Forging
24:42 Bodkin Arrow
26:18 Pikeman
40:32 Imperial Age
46:35 Iron Casting
46:01 Scale Mail Armor
46:04 Bracer
46:05 Padded Archer Armor
46:14 Scale Barding Armor
47:01 First Crusade
46:02 Elite Serjeant
47:04 Conscription
Connection lost

Rejoining the realm…

Still unreachable

The connection could not be restored.

Session expired

The server has moved on; the page needs a fresh start.